General information
- name: BNet
- type: Ladder team game (AT/RT)
- host: Battle.net
- saver: BEAR_AND
map: RiceFields
- players: 6
- length: 31:26
- speed: Fast
- version: 1.26 W3XP
- replay type:

» download(273 KB)
Players
team 1 (winner)
BEAR_AND (
blue | 120 APM | 3784 actions | 31:26)
6 Blademaster
2 Wind Walk
3 Critical Strike
1 Bladestorm
» actions
| Assign group hotkey | 27 | |
| Basic commands | 3 | |
| Build / train | 86 | |
| Enter build submenu | 61 | |
| Enter hero's abilities submenu | 6 | |
| Give item / drop item | 2 | |
| Remove unit from queue | 1 | |
| Right click | 2606 | |
| Select / deselect | 499 | |
| Select group hotkey | 313 | |
| Use ability | 179 | |
3784 total
» units
» upgrades
| Ranged Weapons | 3 | |
| Liquid Fire | 1 | |
4 total
» buildings
| Altar of Storms | 1 | |
| Orc Burrow | 4 | |
| War Mill | 1 | |
| Voodoo Lounge | 1 | |
| Watch Tower | 45 | |
| Stronghold | 3 | |
| Beastiary | 2 | |
| Fortress | 1 | |
| Great Hall | 2 | |
60 total
» build order
00:08 Altar of Storms
00:20 Orc Burrow
00:36 War Mill
01:21 Voodoo Lounge
01:53 Watch Tower
02:00 Watch Tower
02:28 Watch Tower
02:43 Watch Tower
02:48 Watch Tower
03:47 Stronghold
03:47 Stronghold
03:58 Watch Tower
04:26 Watch Tower
05:02 Watch Tower
05:20 Orc Burrow
05:22 Orc Burrow
05:35 Watch Tower
05:36 Watch Tower
06:11 Beastiary
06:12 Beastiary
06:54 Watch Tower
06:54 Fortress
06:56 Watch Tower
07:21 Watch Tower
08:30 Orc Burrow
10:19 Watch Tower
10:20 Watch Tower
12:27 Watch Tower
14:12 Watch Tower
14:13 Watch Tower
14:13 Watch Tower
14:17 Watch Tower
14:18 Watch Tower
15:29 Watch Tower
16:11 Watch Tower
16:11 Watch Tower
16:28 Watch Tower
16:28 Watch Tower
16:33 Watch Tower
17:04 Watch Tower
17:05 Watch Tower
17:27 Watch Tower
17:33 Watch Tower
17:39 Watch Tower
18:15 Watch Tower
18:17 Watch Tower
20:22 Watch Tower
20:23 Watch Tower
20:26 Watch Tower
20:30 Watch Tower
22:14 Watch Tower
25:00 Watch Tower
25:04 Watch Tower
28:34 Great Hall
28:36 Great Hall
28:37 Watch Tower
28:37 Watch Tower
30:01 Watch Tower
30:02 Watch Tower
» items
| Healing Salve | 5 | |
| Lesser Clarity Potion | 11 | |
| Orb of Lightning | 1 | |
17 total
iggy_the_fisk (
yellow | 145 APM | 4572 actions | 31:25)
5 Archmage
3 Blizzard
2 Brilliance Aura
4 Blood Mage
2 Flame Strike
2 Siphon Mana
2 Pit Lord
1 Rain of Fire
1 Cleaving Attack
» actions
| Assign group hotkey | 863 | |
| Basic commands | 21 | |
| Build / train | 141 | |
| Enter build submenu | 125 | |
| Enter hero's abilities submenu | 12 | |
| Give item / drop item | 3 | |
| Remove unit from queue | 2 | |
| Right click | 2104 | |
| Select / deselect | 434 | |
| Select group hotkey | 494 | |
| Use ability | 372 | |
4572 total
» units
» upgrades
| Masonry | 3 | |
| Lumber Harvesting | 2 | |
| Priest Training | 0 | |
| Magic Sentry | 1 | |
6 total
» buildings
| Altar of Kings | 1 | |
| Farm | 5 | |
| Lumber Mill | 1 | |
| Scout Tower | 154 | |
| Arcane Tower | 2 | |
| Guard Tower | 53 | |
| Arcane Vault | 5 | |
| Keep | 1 | |
| Arcane Sanctum | 1 | |
| Castle | 1 | |
| Town Hall | 2 | |
226 total
» build order
00:09 Altar of Kings
00:18 Farm
00:42 Farm
00:50 Lumber Mill
01:04 Farm
01:27 Scout Tower
01:50 Scout Tower
01:57 Arcane Tower
01:58 Scout Tower
02:15 Scout Tower
02:22 Arcane Tower
02:24 Scout Tower
02:34 Guard Tower
02:36 Scout Tower
03:27 Scout Tower
03:28 Scout Tower
03:29 Guard Tower
03:37 Scout Tower
03:41 Arcane Vault
03:44 Scout Tower
03:45 Guard Tower
03:58 Guard Tower
04:00 Scout Tower
04:08 Guard Tower
04:09 Scout Tower
04:37 Keep
04:43 Guard Tower
04:44 Scout Tower
04:45 Scout Tower
04:50 Guard Tower
04:51 Scout Tower
05:23 Guard Tower
05:26 Scout Tower
05:26 Scout Tower
05:43 Scout Tower
05:45 Guard Tower
05:46 Scout Tower
05:52 Guard Tower
05:54 Scout Tower
05:58 Farm
06:46 Guard Tower
06:50 Scout Tower
06:53 Arcane Vault
06:55 Guard Tower
06:56 Scout Tower
06:56 Scout Tower
06:58 Guard Tower
06:59 Scout Tower
07:07 Scout Tower
07:08 Scout Tower
07:20 Arcane Sanctum
07:24 Guard Tower
07:26 Scout Tower
07:26 Scout Tower
08:01 Farm
08:49 Scout Tower
09:02 Guard Tower
09:17 Guard Tower
10:21 Castle
11:07 Scout Tower
11:08 Scout Tower
11:30 Scout Tower
11:33 Guard Tower
11:34 Scout Tower
11:37 Guard Tower
12:04 Guard Tower
12:07 Scout Tower
12:08 Scout Tower
12:09 Guard Tower
12:12 Scout Tower
13:11 Guard Tower
13:15 Scout Tower
13:17 Scout Tower
13:20 Scout Tower
13:21 Scout Tower
13:36 Guard Tower
13:38 Scout Tower
13:38 Scout Tower
13:45 Guard Tower
13:46 Scout Tower
13:52 Guard Tower
13:54 Scout Tower
13:54 Scout Tower
14:03 Scout Tower
15:12 Scout Tower
15:13 Scout Tower
15:22 Guard Tower
15:24 Scout Tower
15:25 Scout Tower
15:26 Scout Tower
15:27 Scout Tower
15:27 Scout Tower
15:28 Scout Tower
15:31 Scout Tower
15:32 Scout Tower
15:34 Guard Tower
15:48 Guard Tower
15:51 Guard Tower
15:57 Guard Tower
16:00 Scout Tower
16:00 Scout Tower
16:01 Scout Tower
16:01 Scout Tower
16:42 Guard Tower
16:44 Scout Tower
16:44 Scout Tower
16:47 Scout Tower
16:48 Scout Tower
16:49 Guard Tower
16:49 Scout Tower
16:50 Scout Tower
16:53 Guard Tower
16:54 Scout Tower
16:55 Scout Tower
16:55 Scout Tower
17:17 Guard Tower
17:46 Town Hall
17:55 Scout Tower
17:55 Scout Tower
17:57 Scout Tower
17:57 Scout Tower
17:58 Scout Tower
17:59 Scout Tower
18:00 Scout Tower
18:00 Scout Tower
18:01 Scout Tower
18:02 Scout Tower
18:02 Scout Tower
18:30 Guard Tower
18:31 Scout Tower
18:31 Scout Tower
18:32 Scout Tower
18:33 Scout Tower
18:35 Guard Tower
18:40 Scout Tower
18:41 Scout Tower
18:42 Scout Tower
18:45 Scout Tower
18:46 Scout Tower
18:48 Arcane Vault
18:49 Scout Tower
18:49 Scout Tower
19:28 Guard Tower
20:12 Guard Tower
20:34 Guard Tower
20:36 Arcane Vault
20:37 Guard Tower
20:38 Scout Tower
20:38 Scout Tower
20:39 Scout Tower
20:40 Scout Tower
20:40 Scout Tower
20:41 Scout Tower
20:42 Scout Tower
20:42 Scout Tower
20:43 Scout Tower
21:58 Scout Tower
21:59 Guard Tower
22:11 Scout Tower
22:13 Scout Tower
22:15 Scout Tower
22:16 Scout Tower
22:17 Scout Tower
22:18 Scout Tower
22:20 Guard Tower
22:29 Scout Tower
22:30 Scout Tower
22:31 Scout Tower
22:31 Scout Tower
22:37 Scout Tower
22:38 Scout Tower
22:41 Scout Tower
22:43 Scout Tower
23:17 Scout Tower
23:19 Guard Tower
23:49 Guard Tower
24:15 Guard Tower
24:21 Scout Tower
24:25 Scout Tower
24:27 Scout Tower
24:29 Scout Tower
24:30 Scout Tower
24:34 Scout Tower
24:35 Scout Tower
24:35 Scout Tower
24:36 Scout Tower
24:58 Guard Tower
24:59 Scout Tower
25:00 Scout Tower
25:44 Scout Tower
25:46 Scout Tower
25:47 Scout Tower
25:47 Scout Tower
25:48 Scout Tower
25:49 Scout Tower
25:51 Scout Tower
25:52 Scout Tower
25:53 Scout Tower
25:55 Guard Tower
25:56 Scout Tower
25:57 Scout Tower
25:58 Scout Tower
26:01 Scout Tower
26:02 Scout Tower
26:03 Scout Tower
26:03 Scout Tower
26:04 Scout Tower
26:05 Scout Tower
26:06 Scout Tower
26:07 Scout Tower
26:07 Scout Tower
26:08 Scout Tower
26:14 Guard Tower
26:33 Guard Tower
26:34 Scout Tower
26:35 Scout Tower
26:35 Scout Tower
26:37 Scout Tower
28:21 Guard Tower
28:29 Guard Tower
29:21 Guard Tower
29:52 Town Hall
31:19 Guard Tower
31:22 Arcane Vault
» items
| Scroll of Regeneration | 6 | |
| Healing Salve | 5 | |
| Scroll of Town Portal | 3 | |
| Lesser Clarity Potion | 6 | |
| Potion of Healing | 3 | |
| Potion of Mana | 2 | |
| Staff of Sanctuary | 2 | |
27 total
timg4strok (
purple | 110 APM | 3465 actions | 31:25)
5 Warden
2 Shadow Strike
3 Blink
5 Pandaren Brewmaster
3 Breath of Fire
1 Drunken Haze
1 Drunken Brawler
» actions
| Assign group hotkey | 6 | |
| Basic commands | 19 | |
| Build / train | 81 | |
| ESC pressed | 3 | |
| Enter build submenu | 18 | |
| Enter hero's abilities submenu | 10 | |
| Give item / drop item | 9 | |
| Right click | 2187 | |
| Select / deselect | 210 | |
| Select group hotkey | 744 | |
| Use ability | 177 | |
3465 total
» units
» upgrades
| Well Spring | 1 | |
| Nature's Blessing | 1 | |
| Ultravision | 1 | |
| Strength of the Wild | 3 | |
| Reinforced Hides | 3 | |
| Corrosive Breath | 1 | |
10 total
» buildings
| Altar of Elders | 1 | |
| Moon Well | 9 | |
| Tree of Ages | 1 | |
| Tree of Eternity | 3 | |
| Ancient of Wonders | 1 | |
| Hunter's Hall | 1 | |
| Tree of Life | 2 | |
| Ancient of Wind | 1 | |
| Chimaera Roost | 2 | |
21 total
» build order
00:04 Altar of Elders
00:08 Moon Well
01:35 Moon Well
04:58 Tree of Ages
06:56 Moon Well
07:11 Moon Well
07:11 Moon Well
07:39 Tree of Eternity
07:40 Tree of Eternity
07:40 Tree of Eternity
08:28 Ancient of Wonders
08:30 Hunter's Hall
10:38 Tree of Life
14:47 Ancient of Wind
16:53 Chimaera Roost
16:54 Chimaera Roost
22:40 Moon Well
22:41 Moon Well
22:41 Moon Well
26:20 Tree of Life
» items
| Healing Salve | 2 | |
| Lesser Clarity Potion | 4 | |
| Orb of Venom | 1 | |
| Scroll of Town Portal | 2 | |
| Potion of Healing | 2 | |
| Orb of Lightning | 1 | |
| Staff of Sanctuary | 5 | |
| Claws of Attack +15 | 1 | |
| Ring of Protection +5 | 1 | |
19 total
team 2 (loser)

»
agood24 (
red | 88 APM | 2620 actions | 29:46)
7 Mountain King
3 Storm Bolt
3 Thunder Clap
1 Avatar
» actions
| Assign group hotkey | 25 | |
| Basic commands | 1 | |
| Build / train | 89 | |
| ESC pressed | 4 | |
| Enter build submenu | 26 | |
| Enter hero's abilities submenu | 8 | |
| Right click | 1122 | |
| Select / deselect | 827 | |
| Select group hotkey | 380 | |
| Use ability | 136 | |
2620 total
» units
| Peasant | 9 | |
| Rifleman | 14 | |
| Mortar Team | 13 | |
36 total
» upgrades
| Masonry | 2 | |
| Gunpowder | 2 | |
| Long Rifles | 1 | |
| Lumber Harvesting | 2 | |
| Flare | 1 | |
8 total
» buildings
| Altar of Kings | 1 | |
| Farm | 11 | |
| Blacksmith | 1 | |
| Lumber Mill | 1 | |
| Barracks | 2 | |
| Scout Tower | 6 | |
| Guard Tower | 9 | |
| Keep | 3 | |
| Workshop | 2 | |
| Arcane Vault | 1 | |
37 total
» build order
00:08 Altar of Kings
00:27 Farm
00:44 Blacksmith
01:14 Lumber Mill
01:35 Barracks
01:54 Farm
01:57 Scout Tower
02:32 Barracks
02:48 Farm
02:53 Farm
03:03 Guard Tower
03:03 Guard Tower
03:04 Guard Tower
04:45 Keep
04:46 Keep
04:46 Keep
05:13 Farm
05:43 Farm
06:46 Farm
06:48 Farm
07:09 Workshop
08:20 Workshop
09:26 Scout Tower
09:29 Scout Tower
09:30 Scout Tower
09:31 Scout Tower
10:17 Guard Tower
10:18 Guard Tower
10:25 Arcane Vault
10:27 Scout Tower
10:34 Farm
10:55 Farm
10:58 Guard Tower
10:58 Guard Tower
20:30 Farm
» items
| Scroll of Regeneration | 3 | |
| Lesser Clarity Potion | 4 | |
| Scroll of Town Portal | 3 | |
10 total
CRONOSEX (
orange | 144 APM | 1624 actions | 11:16)
3 Mountain King
2 Storm Bolt
1 Thunder Clap
» actions
| Assign group hotkey | 161 | |
| Basic commands | 47 | |
| Build / train | 44 | |
| ESC pressed | 3 | |
| Enter build submenu | 15 | |
| Enter hero's abilities submenu | 3 | |
| Right click | 485 | |
| Select / deselect | 167 | |
| Select group hotkey | 650 | |
| Use ability | 49 | |
1624 total
» units
» buildings
| Altar of Kings | 1 | |
| Barracks | 1 | |
| Farm | 3 | |
| Scout Tower | 7 | |
| Town Hall | 1 | |
| Arcane Vault | 1 | |
| Lumber Mill | 1 | |
| Arcane Tower | 1 | |
| Keep | 1 | |
| Guard Tower | 2 | |
19 total
» build order
00:06 Altar of Kings
00:19 Barracks
00:47 Farm
01:08 Farm
01:41 Farm
01:50 Scout Tower
04:39 Town Hall
04:49 Arcane Vault
05:14 Lumber Mill
07:37 Arcane Tower
09:09 Keep
09:23 Scout Tower
09:24 Scout Tower
09:25 Scout Tower
09:27 Scout Tower
09:28 Scout Tower
09:29 Scout Tower
10:43 Guard Tower
10:44 Guard Tower
» items
| Scroll of Regeneration | 2 | |
| Lesser Clarity Potion | 4 | |
6 total

»
Majestic[IK] (
green | 117 APM | 3685 actions | 31:24)
5 Keeper of the Grove
3 Entangling Roots
2 Thorns Aura
» actions
| Assign group hotkey | 42 | |
| Basic commands | 173 | |
| Build / train | 175 | |
| ESC pressed | 1 | |
| Enter build submenu | 54 | |
| Enter hero's abilities submenu | 5 | |
| Remove unit from queue | 35 | |
| Right click | 1916 | |
| Select / deselect | 559 | |
| Select group hotkey | 601 | |
| Use ability | 124 | |
3685 total
» units
| Wisp | 25 | |
| Huntress | 4 | |
| Glaive Thrower | 9 | |
| Peasant | 10 | |
| Dryad | -7 | |
| Druid of the Claw | 3 | |
| Mortar Team | 24 | |
| Dragonhawk Rider | 6 | |
| Gryphon Rider | 16 | |
90 total
» upgrades
| Strength of the Moon | 1 | |
| Druid of the Claw Training | 1 | |
| Fragmentation Shards | 3 | |
| Swords | 1 | |
| Gunpowder | 1 | |
| Armor | 2 | |
| Storm Hammers | 1 | |
10 total
» buildings
| Altar of Elders | 1 | |
| Moon Well | 5 | |
| Ancient of War | 2 | |
| Hunter's Hall | 1 | |
| Ancient Protector | 6 | |
| Tree of Ages | 3 | |
| Blacksmith | 1 | |
| Guard Tower | 11 | |
| Ancient of Wind | 1 | |
| Ancient of Lore | 2 | |
| Workshop | 4 | |
| Castle | 4 | |
| Scout Tower | 12 | |
| Keep | 2 | |
| Farm | 13 | |
| Town Hall | 1 | |
| Tree of Eternity | 3 | |
| Tree of Life | 2 | |
| Gryphon Aviary | 2 | |
76 total
» build order
00:06 Altar of Elders
00:11 Moon Well
01:19 Ancient of War
02:08 Moon Well
02:18 Ancient of War
02:27 Hunter's Hall
03:04 Moon Well
03:32 Ancient Protector
04:14 Moon Well
06:52 Moon Well
06:56 Tree of Ages
07:43 Ancient Protector
07:46 Ancient Protector
09:22 Ancient Protector
10:20 Ancient Protector
10:41 Ancient Protector
11:37 Blacksmith
11:43 Guard Tower
12:06 Ancient of Wind
12:10 Ancient of Lore
12:44 Ancient of Lore
13:09 Workshop
13:18 Workshop
14:02 Castle
14:59 Workshop
15:01 Workshop
15:30 Scout Tower
15:31 Scout Tower
15:32 Scout Tower
15:37 Scout Tower
16:04 Keep
16:04 Keep
16:06 Scout Tower
16:07 Scout Tower
16:07 Scout Tower
16:07 Scout Tower
16:20 Farm
16:21 Farm
16:21 Farm
16:23 Guard Tower
16:24 Guard Tower
16:27 Town Hall
16:50 Tree of Eternity
16:50 Tree of Eternity
17:01 Guard Tower
17:22 Farm
17:22 Farm
17:23 Farm
17:23 Farm
17:24 Farm
17:34 Guard Tower
17:35 Guard Tower
17:36 Scout Tower
18:55 Castle
18:55 Castle
18:57 Guard Tower
18:57 Guard Tower
18:59 Scout Tower
18:59 Scout Tower
19:00 Scout Tower
20:23 Tree of Life
20:33 Tree of Life
22:57 Guard Tower
23:02 Gryphon Aviary
23:02 Gryphon Aviary
25:06 Farm
25:06 Farm
25:28 Farm
25:29 Farm
25:58 Farm
Chat log
(02:12 / All) CRONOSEX: LISTEN
(03:00 / All) BEAR_AND: yea
(03:02 / All) BEAR_AND: those are dragons
(03:03 / All) BEAR_AND: lol!
(03:16 / All) BEAR_AND: lol
(23:56 / All) BEAR_AND: lol
(24:02 / All) BEAR_AND: clan towa #1
(24:06 / All) BEAR_AND: http://highper.ch/
(24:07 / All) BEAR_AND: thanks for play
(28:21 / All) BEAR_AND: you are Real Bad
(28:24 / All) BEAR_AND: thanks for easy game
(29:53 / All) BEAR_AND: bye
(29:54 / All) BEAR_AND: quit
(29:56 / All) BEAR_AND: bow
(30:49 / All) BEAR_AND: stop losing birds to tower
(30:52 / All) BEAR_AND: lmao